 Dungeon Crawl Stone Soup version 0.30-a0-738-g116ff8c4af (webtiles) character file.

Game seed: 17584715261858564385

455 kae the Digger (level 7, -5/36 HPs)
             Began as a Gargoyle Earth Elementalist on Feb 3, 2023.
             Slain by Prince Ribbit (17 damage)
             ... on level 5 of the Dungeon.
             The game lasted 00:02:24 (3328 turns).

kae the Digger (Gargoyle Earth Elementalist)        Turns: 3328, Time: 00:02:25

Health: -5/36      AC:  6    Str: 17    XL:     7   Next: 5%
Magic:  2/13       EV: 11    Int: 18    God:
Gold:   207        SH:  0    Dex: 10    Spells: 8/14 levels left

rFire   . . .      SeeInvis .    (no weapon)
rCold   . . .      Faith    .    (no shield)
rNeg    + . .      Spirit   .    a - +0 robe rPois โˆž Reflect .
                                 (no helmet)
rElec   +          Harm     .    (no cloak)
rCorr   .          Rampage  .    (no gloves)
Will    .....                    (no boots)
Stlth   ++                       (no amulet)
HPRegen 0.26/turn                S - +6 ring of strength
MPRegen 0.13/turn                (no ring)

@: no status effects
A: sickness immunity, AC +4, negative energy resistance 1, electricity
resistance, torment resistance 1, petrification resistance
a: no special abilities


You were on level 5 of the Dungeon.
You visited 1 branch of the dungeon, and saw 5 of its levels.

You collected 207 gold pieces.


Innate Abilities, Weirdness & Mutations

You are immune to sickness and miasma.
Your stone body is resilient. (AC +4)
You are immune to poison.
You resist negative energy. (rN+)
You are resistant to electric shocks. (rElec)
You are resistant to unholy torment.
You are immune to petrification.


   Skills:
 - Level 1.5 Dodging
 - Level 2.1 Stealth
 + Level 4.1 Spellcasting
 + Level 3.1 Conjurations
 - Level 0.7 Transmutations
 + Level 6.8 Earth Magic


You had 8 spell levels left.
You knew the following spells:

 Your Spells              Type           Power      Damage    Failure   Level
a - Sandblast             Erth           56%        2d13      1%          1
b - Stone Arrow           Conj/Erth      42%        3d9       5%          3
c - Passwall              Tmut/Erth      14%        N/A       4%          2

Your spell library contained the following spells:

 Spells                   Type           Power      Damage    Failure   Level
 Petrify                  Tmut/Erth      17%        N/A       30%         4

Inventory:

Missiles
 c - 65 stones
 h - 6 poisoned darts
 k - 5 boomerangs
Armour
 a - a +0 robe (worn)
Jewellery
 S - a +6 ring of strength (left hand)
   (You found it on level 1 of the Dungeon)
Scrolls
 l - a scroll of immolation {!r!r}
 n - a scroll of summoning
Potions
 b - a potion of magic
 d - 5 potions of curing {@q1}
 e - 3 potions of brilliance {unknown}
 f - a potion of might
 g - a potion of lignification {!q}
 j - 3 potions of degeneration {!q}

Dungeon Overview and Level Annotations

Branches:
Dungeon (5/15) Zot: 26640
 Temple: D:4-7

Altars:
Gozag
Makhleb
Uskayaw
Yredelemnul
The Shining One

Shops:
D:1 !

Annotations:
D:5 Prince Ribbit

.......## .# ....##..#
....# ....###.##
#...### ....# #..##
#..... ....# ##..##
#...#
....#####..####...###.#
......#.ยงโ€
...........
....######......F.##
...)# ######.@.# ....#
###.# ....# #|....#
....##### #####.#
........# ..<.....##
.........# .........#
.........#


You could see Prince Ribbit.


Message History

The hound closely misses you. The hound attacks as you move away!
The hound bites you but does no damage. The hound attacks as you move away!
The hound bites you. The hound closely misses you.
There is a stone staircase leading up here. ๐Ÿ˜ฎ HP[-4]
You take 4 damage, and now have 24/32 hp.
Casting: Sandblast (safe; 1% risk of failure)
Confirm with . or Enter, or press ? or * to list all spells.
Aiming: Sandblast (safe; 1% risk of failure)
Press: ? - help, Shift-Dir - straight line, f - hound
Aim: a hound (76% to hit)
The blast of sand hits the hound.
The hound bites you.
The hound misses you. ๐Ÿ˜ฎ HP[-1] MP[-1]
You take 1 damage, and now have 23/32 hp.
You lost 1 mp, and now have 10/11 mp.
Casting: Sandblast (safe; 1% risk of failure)
Confirm with . or Enter, or press ? or * to list all spells.
Aiming: Sandblast (safe; 1% risk of failure)
Press: ? - help, Shift-Dir - straight line, f/p - hound
Aim: a hound (moderately wounded, 76% to hit)
The blast of sand hits the hound!
You kill the hound!
The phantom misses you.
Your Spellcasting skill increases to level 4! ๐Ÿ˜ฎ MP[-1]
Casting: Sandblast (safe; 1% risk of failure)
Confirm with . or Enter, or press ? or * to list all spells.
Aiming: Sandblast (safe; 1% risk of failure)
Press: ? - help, Shift-Dir - straight line, f - phantom
Aim: a phantom (76% to hit)
The blast of sand hits the phantom!
The phantom hits you.
The phantom blinks!
You blink.
The phantom closely misses you. ๐Ÿ˜ฎ HP[-3] MP[-1]
You take 3 damage, and now have 20/32 hp.
You lost 1 mp, and now have 8/12 mp.
Casting: Sandblast (safe; 1% risk of failure)
Confirm with . or Enter, or press ? or * to list all spells.
Aiming: Sandblast (safe; 1% risk of failure)
Press: ? - help, Shift-Dir - straight line, f/p - phantom
Aim: a phantom (heavily damaged, 76% to hit)
The blast of sand hits the phantom!
Prince Ribbit gives a loud, deep croak!
Prince Ribbit blinks!
The phantom hits you.
* * * LOW HITPOINT WARNING * * *
The phantom blinks!
You blink.
Prince Ribbit closely misses you. ๐Ÿ˜จ HP[-5] MP[-1]
You take 5 damage, and now have 15/32 hp.
You lost 1 mp, and now have 7/12 mp.
Casting: Sandblast (safe; 1% risk of failure)
Confirm with . or Enter, or press ? or * to list all spells.
Aiming: Sandblast (safe; 1% risk of failure)
Press: ? - help, Shift-Dir - straight line, f/p - phantom
Aim: a phantom (almost destroyed, 76% to hit)
The blast of sand hits the phantom but does no damage.
Prince Ribbit hits you!
* * * LOW HITPOINT WARNING * * *
The phantom completely misses you.
Prince Ribbit hits you but does no damage.
The phantom barely misses you. ๐Ÿ˜ฑ HP[-14] MP[-1]
You take 14 damage, and now have 1/32 hp.
MASSIVE DAMAGE!! (PAUSE)
You lost 1 mp, and now have 6/12 mp.
Casting: Sandblast (safe; 1% risk of failure)
Confirm with . or Enter, or press ? or * to list all spells.
Aiming: Sandblast (safe; 1% risk of failure)
Press: ? - help, Shift-Dir - straight line, f/p - phantom
Aim: a phantom (almost destroyed, 76% to hit)
The blast of sand hits the phantom!
You destroy the phantom!
Prince Ribbit blinks! x2
Your Conjurations skill increases to level 3!
You have reached level 7! ๐Ÿ˜ฑ HP[+1]
You now have 36 max hp (+4).
You feel better. ๐Ÿ˜จ HP[+9]
You regained 9 hp, and now have 11/36 hp.
You aren't carrying any items that you can evoke.
Unknown command.
Prince Ribbit sighs, "It's not easy being green!"
Casting: Sandblast (safe; 1% risk of failure)
Confirm with . or Enter, or press ? or * to list all spells.
Aiming: Stone Arrow (dangerous; 5% risk of failure)
Press: ? - help, Shift-Dir - straight line, f - Prince Ribbit
Aim: Prince Ribbit (50% to hit)
The stone arrow misses Prince Ribbit. ๐Ÿ˜จ HP[+1] MP[-3]
You lost 3 mp, and now have 3/13 mp.
Casting: Stone Arrow (dangerous; 5% risk of failure)
Confirm with . or Enter, or press ? or * to list all spells.
Aiming: Sandblast (safe; 1% risk of failure)
Press: ? - help, Shift-Dir - straight line, f/p - Prince Ribbit
Aim: Prince Ribbit (70% to hit)
The blast of sand hits Prince Ribbit!!
Prince Ribbit hits you!
You die...

Skill      XL: |  1  2  3  4  5  6 |
---------------+-------------------+-----
Earth Magic    | 4 5 6 |  6.8
Spellcasting   | 3 4 |  4.1
Conjurations   | 1 2 3 |  3.1
Dodging        | |  1.5
Stealth        | |  2.1
Transmutations | |  0.7

Action                     |  1- 3 |  4- 6 |  7- 9 || total
---------------------------+-------+-------+-------++-------
  Melee: Unarmed           |     9 |    21 |       ||    30
   Cast: Sandblast         |    42 |    61 |     1 ||   104
         Stone Arrow       |       |       |     1 ||     1
    Use: Scroll            |     3 |     6 |       ||     9
         Potion            |       |     3 |     1 ||     4
   Stab: Sleeping          |       |     1 |       ||     1
 Armour: Robe              |     2 |    19 |       ||    21
  Dodge: Dodged            |     8 |    33 |       ||    41

Levels and vault maps discovered:
D:1:      saegor_arrival_fortress, layout_loops_ring, serial_shops, shop
D:2:      layout_basic
D:3:      layout_rooms, nicolae_overflow_hidden_temple,
          dreamdust_mushroom_princess
D:4:      layout_loops_corners, lightli_temple_of_fire, nicolae_eternal_life,
          dilly_guarded_unrand_throatcut
D:5:      layout_basic, uniq_sigmund, uniq_prince_ribbit1, uniq_blork_the_orc

Notes
Turn   | Place    | Note
-------+----------+-------------------------------------------
     0 | D:1      | kae the Gargoyle Earth Elementalist began the quest for the
                  | Orb.
     0 | D:1      | Reached XP level 1. HP: 10/10 MP: 3/3
     0 | D:1      | magus.rc [v1.11.3]
    46 | D:1      | Found Rutua's Distillery.
    59 | D:1      | Reached skill level 4 in Earth Magic
    59 | D:1      | Reached XP level 2. HP: 15/15 MP: 0/5
   511 | D:1      | Reached XP level 3. HP: 19/19 MP: 2/6
   515 | D:1      | Learned a level 3 spell: Stone Arrow
   518 | D:1      | Learned a level 2 spell: Passwall
   967 | D:2      | Reached skill level 5 in Earth Magic
  1034 | D:2      | Reached XP level 4. HP: 10/24 MP: 2/8
  1581 | D:3      | Found a glowing golden altar of the Shining One.
  1581 | D:3      | Found a hide-covered altar of Uskayaw.
  1583 | D:3      | Found a basalt altar of Yredelemnul.
  1646 | D:3      | Found an opulent altar of Gozag.
  1733 | D:3      | Reached skill level 3 in Spellcasting
  2124 | D:4      | Reached skill level 1 in Conjurations
  2124 | D:4      | Reached XP level 5. HP: 28/28 MP: 4/9
  2147 | D:4      | Reached skill level 6 in Earth Magic
  2336 | D:4      | Noticed a phantom
  2341 | D:4      | Killed a phantom
  2342 | D:4      | Reached skill level 2 in Conjurations
  2342 | D:4      | Reached XP level 6. HP: 27/32 MP: 4/11
  2557 | D:4      | Found the +7 Throatcutter {drain, coup de grace}
  3151 | D:4      | Found a burning altar of Makhleb.
  3251 | D:5      | Entered Level 5 of the Dungeon
  3313 | D:5      | Noticed Prince Ribbit
  3321 | D:5      | Reached skill level 4 in Spellcasting
  3323 | D:5      | HP: 1/32 [Prince Ribbit (14)]
  3325 | D:5      | Reached skill level 3 in Conjurations
  3325 | D:5      | Reached XP level 7. HP: 2/36 MP: 6/13
  3328 | D:5      | Slain by Prince Ribbit

Vanquished Creatures
  2 phantoms
  A scorpion (D:4)
  A hound (D:5)
  An iguana (D:4)
  2 orc wizards (D:4)
  4 gnolls (D:2)
  3 adders
  2 dart slugs (D:1)
  3 orcs (D:4)
  8 bats
  7 endoplasms
  2 giant cockroaches
  8 goblins
  7 hobgoblins
  2 jackals (D:2)
  5 ball pythons
  2 frilled lizards
  12 kobolds
  5 rats
77 creatures vanquished.

Vanquished Creatures (others)
  A fungus (D:3)
1 creature vanquished.

Grand Total: 78 creatures vanquished

Table legend:
 A = Non-vault XP
 B = Vault XP
 C = Vault XP percentage of total XP
 D = Non-vault monster count
 E = Vault monster count
 F = Vault count percentage of total count
                 A         B        C        D         E       F
            +---------+---------+-------+---------+---------+-------
      Total |     641 |       9 |   1.4 |      71 |       6 |   7.8
            +---------+---------+-------+---------+---------+-------
        D:1 |      35 |       0 |   0.0 |      20 |       0 |   0.0
        D:2 |      96 |       0 |   0.0 |      21 |       0 |   0.0
        D:3 |      25 |       0 |   0.0 |       8 |       0 |   0.0
        D:4 |     320 |       9 |   2.7 |      19 |       6 |  24.0
        D:5 |     165 |       0 |   0.0 |       3 |       0 |   0.0
            +---------+---------+-------+---------+---------+-------

Illustrated notes

Table legend:
 A = Kills in this place as a percentage of kills in entire the game.
 B = Kills by you in this place as a percentage of kills by you in the entire game.
 C = Kills by friends in this place as a percentage of kills by friends in the entire game.
 D = Other kills in this place as a percentage of other kills in the entire game.
 E = Experience gained in this place as a percentage of experience gained in the entire game.
 F = Experience gained in this place divided by the number of levels of this place that you have seen.
                   A       B       C       D       E      F
               +-------+-------+-------+-------+-------+----------------------
         Total | 100.0 | 100.0 |   N/A |   N/A | 100.0 | 130.0
       Dungeon | 100.0 | 100.0 |   N/A |   N/A | 100.0 | 130.0
               +-------+-------+-------+-------+-------+----------------------

Table legend: (Time is in decaauts)
 A = Elapsed time spent in this place.
 B = Non-inter-level travel time spent in this place.
 C = Inter-level travel time spent in this place.
 D = Time resting spent in this place.
 E = Time spent auto-exploring this place.
 F = Levels seen in this place.
 G = Mean time per level.
                   A        B        C        D        E       F      G
               +--------+--------+--------+--------+--------+-----+--------+
         Total |   3357 |   3253 |    104 |     68 |   2749 |   5 |  671.4 |
       Dungeon |   3357 |   3253 |    104 |     68 |   2749 |   5 |  671.4 |
               +--------+--------+--------+--------+--------+-----+--------+

Top non-repeatable levels by time:
     D:4: 1254 daAuts
     D:1: 811 daAuts
     D:2: 766 daAuts
     D:3: 445 daAuts
     D:5: 80 daAuts
